 Dungeon Crawl Stone Soup version 0.18.1-48-g4cf74bf (webtiles) character file.

784 Mesmaeker13 the Archer (level 7, -8/61 HPs)
             Began as a Centaur Hunter on Aug 15, 2016.
             Mangled by an orc warrior
             ... wielding a +3 flail
              (13 damage)
             ... on level 4 of the Dungeon.
             The game lasted 00:09:00 (4220 turns).

Mesmaeker13 the Archer (Centaur Hunter)             Turns: 4220, Time: 00:09:01

Health: -8/61      AC:  7    Str: 14    XL:     7   Next: 55%
Magic:  7/7        EV: 11    Int: 10    God:
Gold:   118        SH:  0    Dex: 12    Spells: 0 memorised, 6 levels left

rFire  . . .     SeeInvis .     q - +4 quarterstaff (chaos)
rCold  . . .     Gourm    .     z - +2 leather armour {rN+}
rNeg   + . .     Faith    .     (shield currently unavailable)
rPois  .         Spirit   .     (no helmet)
rElec  .         Dismiss  .     r - +0 cloak
rCorr  .         Reflect  .     (no gloves)
SustAt .         Harm     .     (no barding)
MR     .....                    (no amulet)
Stlth  +.........               (no ring)
                                (no ring)

@: very quick, not resistant to hostile enchantments, very unstealthy
A: hooves 3, deformed body, speed 2, tough skin 3
a: no special abilities


You were on level 4 of the Dungeon.
You were not hungry.

You visited 2 branches of the dungeon, and saw 6 of its levels.

You collected 118 gold pieces.

Inventory:

Hand Weapons
 a - a +1 shortbow
 n - a +2 dagger of venom
 o - a cursed +0 long sword
 q - a +4 quarterstaff of chaos (weapon)
Missiles
 d - 68 arrows
 j - a throwing net (quivered)
Armour
 r - a +0 cloak (worn)
 z - a +2 leather armour of positive energy (worn)
Jewellery
 c - an uncursed ring of stealth {unknown}
Wands
 A - a wand of disintegration (7/24)
Scrolls
 g - a scroll of enchant weapon
 m - a scroll of enchant armour
 s - 3 scrolls of magic mapping {unknown}
 t - 4 scrolls of remove curse
 v - a scroll of blinking {unknown}
 w - a scroll of random uselessness {unknown}
 x - a scroll of noise {unknown}
 y - 3 scrolls of teleportation
Potions
 e - a potion of lignification {unknown}
 i - a potion of degeneration {unknown}
 k - a potion of curing
 u - 3 potions of flight {unknown}
 B - a potion of invisibility {unknown}
Comestibles
 b - a meat ration
 f - 2 bread rations
 h - a slice of pizza
 l - a royal jelly
 p - 3 fruits


   Skills:
 + Level 5.1 Fighting
 + Level 8.3 Bows
 + Level 4.0 Dodging
 - Level 0.5 Stealth


You had 6 spell levels left.
You didn't know any spells.

Dungeon Overview and Level Annotations

Branches:
Dungeon (5/15)             Temple (1/1) D:4

Altars:
Ashenzari
Cheibriados
Dithmenos
Elyvilon
Fedhas
Gozag
Kikubaaqudgha
Makhleb
Pakellas
Qazlal
Ru
Sif Muna
Trog
Vehumet
Xom
Yredelemnul
Zin
The Shining One

Portals:
Ossuary: D:5


Innate Abilities, Weirdness & Mutations

You have hooves in place of feet.
Armour fits poorly on your strangely shaped body.
You cover ground very quickly.
You have extremely tough skin (AC +3).


Message History

The quokka bites you.
You hit the quokka. You freeze the quokka.
You kill the quokka!
You closely miss the orc warrior.
The orc warrior hits you with an enchanted flail!
The orc warrior closely misses you.
You barely miss the orc warrior. Your kick misses the orc warrior.
The orc warrior hits you with an enchanted flail!
You closely miss the orc warrior.
The orc warrior hits you with an enchanted flail!!
* * * LOW HITPOINT WARNING * * *
You hit the orc warrior but do no damage.
The orc warrior seems to speed up.
Your kick misses the orc warrior. The orc warrior closely misses you.
You hit the orc warrior but do no damage.
The orc warrior suddenly cheers.
The orc warrior hits you with an enchanted flail.
* * * LOW HITPOINT WARNING * * *
The orc warrior hits you with an enchanted flail!
You die...

#...≈...>...≈....#.#
#...≈.......≈..#.#.#
#...≈.......≈....#.#
##.♣≈♣.....♣≈♣.....#
#.♣≈≈≈≈≈≈≈≈≈♣...###
#.♣♣♣.....♣♣♣...#
#.............>.#
#######.#..####o#
#...## #@# ###.# #.#
###.### #.# #.....# #.#
###### #.....#
#.############# .....#
#.....# #.##.........^#
.....# #.....#
#.##.########.# .....#
#...).###.##.#.######.#
.....#
#.......#.##.#[.......#


You could see an orc warrior.

Vanquished Creatures
  Grinder (D:4)
  Eustachio (D:4)
  An ice beast (D:3)
  3 hounds (D:4)
  An orc priest (D:4)
  A jelly (D:3)
  An orc wizard (D:4)
  Crazy Yiuf (D:2)
  A worker ant (D:4)
  3 adders
  An ooze (D:2)
  An adder skeleton (D:4)
  A worm (D:1)
  3 dart slugs
  7 orcs
  7 bats
  5 giant cockroaches
  6 goblins
  6 hobgoblins
  14 jackals
  6 kobolds
  4 quokkas
  4 giant newts
  4 rats
83 creatures vanquished.

Notes
Turn   | Place    | Note
--------------------------------------------------------------
     0 | D:1      | Mesmaeker13 the Centaur Hunter began the quest for the Orb.
     0 | D:1      | Reached XP level 1. HP: 17/17 MP: 1/1
    90 | D:1      | Reached XP level 2. HP: 20/24 MP: 2/2
   668 | D:2      | Reached XP level 3. HP: 30/30 MP: 3/3
  1212 | D:2      | Reached skill level 6 in Bows
  1276 | D:2      | Reached XP level 4. HP: 20/37 MP: 4/4
  1708 | D:2      | Noticed Crazy Yiuf
  1726 | D:2      | Killed Crazy Yiuf
  2451 | D:3      | Noticed an ice beast
  2483 | D:3      | Killed an ice beast
  2483 | D:3      | Reached XP level 5. HP: 23/45 MP: 5/5
  2909 | D:4      | Reached skill level 7 in Bows
  2909 | D:4      | Reached XP level 6. HP: 52/52 MP: 6/6
  2937 | D:4      | Found a shimmering altar of Xom.
  3062 | D:4      | Found a staircase to the Ecumenical Temple.
  3072 | Temple   | Entered the Ecumenical Temple
  3282 | D:4      | Found a snail-covered altar of Cheibriados.
  3356 | D:4      | Noticed Grinder
  3370 | D:4      | Killed Grinder
  3370 | D:4      | Reached XP level 7. HP: 59/60 MP: 7/7
  3588 | D:4      | Noticed Eustachio
  4074 | D:4      | Killed Eustachio
  4074 | D:4      | Reached skill level 5 in Fighting
  4074 | D:4      | Reached skill level 8 in Bows
  4203 | D:5      | Entered Level 5 of the Dungeon
  4203 | D:5      | Found a sand-covered staircase.
  4220 | D:4      | Mangled by an orc warrior

Skill      XL: |  1  2  3  4  5  6  7 |
---------------+----------------------+-----
Dodging        | 2 3 4 |  4.0
Bows           | 6 7 8 |  8.3
Fighting       | 3 4 5 |  5.1
Stealth        | |  0.5

Action                   |  1- 3 |  4- 6 |  7- 9 || total
-------------------------+-------+-------+-------++-------
Melee: Short sword       |    66 |       |       ||    66
       Kick              |    24 |    10 |    11 ||    45
       Dagger            |    59 |     2 |     7 ||    68
       Quarterstaff      |       |    52 |    42 ||    94
 Fire: Shortbow          |    16 |    36 |     6 ||    58
  Use: Scroll            |       |     4 |     2 ||     6
       Potion            |       |       |     1 ||     1
 Stab: Paralysed         |       |     3 |       ||     3
  Eat: Chunk             |       |     6 |     2 ||     8
Armor: Leather armour    |    22 |    18 |    52 ||    92
       Ring mail         |    49 |     7 |       ||    56
Dodge: Dodged            |    67 |    25 |    56 ||   148
